 Dungeon Crawl Stone Soup version 0.32-a0-7-ge934b4519a (webtiles) character file.

Game seed: 1714590494986988684

2611 anacleto the Mimic (level 9, 0/75 HPs)
             Began as a Troll Shapeshifter on Jan 13, 2024.
             Was a Follower of Qazlal.
             Slain by a wyvern (10 damage)
             ... on level 7 of the Dungeon.
             The game lasted 00:10:27 (5126 turns).

anacleto the Mimic (Troll Shapeshifter)             Turns: 5126, Time: 00:10:27

Health: 0/75       AC:  4    Str: 27    XL:     9   Next: 34%
Magic:  8/8        EV: 10    Int:  5    God:    Qazlal [*.....]
Gold:   197        SH:  7    Dex: 13    Spells: 8/8 levels left

rFire   . .          .
                       - Unarmed
rCold   + . .        (no shield)
rNeg    . . .        a - +0 animal skin
rPois   +            (helmet currently unavailable)
rElec   .            (cloak currently unavailable)
rCorr   .            (gloves unavailable)
SInv    .            (boots unavailable)
Will    .....        s - amulet of reflection
Stlth   +            q - ring of poison resistance
HPRegen 1.12/turn    A - ring of protection from cold
MPRegen 0.11/turn

%: reflection
@: beast-form
A: beast (slay +4), large, unfitting armour, claws 3, regeneration 1, shaggy fur
1, tough skin 1, hooves 1, agile 1, subdued magic 1
a: Begin Untransformation, Renounce Religion


You were on level 7 of the Dungeon.
You worshipped Qazlal.
Qazlal was aware of your devotion.
You were a hulking beast.
You visited 2 branches of the dungeon, and saw 8 of its levels.

You collected 406 gold pieces.
You spent 209 gold pieces at shops.

Inventory:

Missiles
 y - 5 poisoned darts (quivered)
 E - 4 boomerangs
Armour
 a - a +0 animal skin (worn)
Jewellery
 q - a ring of poison resistance (left claw)
 s - an amulet of reflection (around neck)
 A - a ring of protection from cold (right claw)
 D - a ring of flight
Talismans
 c - a beast talisman
 d - a flux talisman
Wands
 p - a wand of flame (40)
 t - a wand of acid (2)
Scrolls
 f - a scroll of enchant weapon {unknown}
 g - 3 scrolls of vulnerability {unknown}
 h - a scroll of brand weapon {unknown}
 i - a scroll of torment {unknown}
 j - 9 scrolls of teleportation {unknown}
 l - a scroll of fog {unknown}
 n - 2 scrolls of blinking {unknown}
 o - 2 scrolls of enchant armour {unknown}
 u - 2 scrolls of poison {unknown}
 x - 6 scrolls of identify {unknown}
Potions
 b - 3 potions of lignification
 e - 4 potions of curing
 k - 4 potions of haste
 m - a potion of mutation
 r - 2 potions of cancellation {unknown}
 v - 2 potions of degeneration {unknown}
 w - 3 potions of berserk rage {unknown}
 z - 2 potions of brilliance {unknown}
 B - 2 potions of heal wounds
 C - 2 potions of attraction {unknown}


   Skills:
 - Level 0.7 Fighting
 - Level 1.5 Dodging
 - Level 3.0 Unarmed Combat
 + Level 12.0 Shapeshifting


You had 8 spell levels left.
You didn't know any spells.
Your spell library contained the following spells:

 Spells                   Type           Power      Damage    Failure   Level
 Magic Dart               Conj           0%         1d3       43%         1
 Blink                    Tloc           0%         N/A       58%         2
 Call Imp                 Summ           0%         N/A       58%         2
 Frozen Ramparts          Ice            0%         1d1       82%         3
 Leda's Liquefaction      Alch/Erth      0%         N/A       99%         4
 Petrify                  Alch/Erth      0%         N/A       99%         4
 Metabolic Englaciation   Hex/Ice        0%         N/A       100%        5
 Summon Forest            Summ/Tloc      0%         N/A       100%        5
 Eringya's Noxious Bog    Alch           0%         4d6       100%        6
 Summon Hydra             Summ           0%         N/A       100%        7


Dungeon Overview and Level Annotations

Branches:
Dungeon (7/15)             Temple (1/1) D:4

Altars:
Ashenzari
Cheibriados
Dithmenos
Elyvilon
Fedhas
Gozag
Hepliaklqana
Kikubaaqudgha
Makhleb
Nemelex Xobeh
Okawaru
Qazlal
Ru
Sif Muna
Uskayaw
Vehumet
Wu Jian
Xom
Yredelemnul
Zin
The Shining One

Shops:
D:5 ![   D:7 =

Annotations:
D:3 2 transporters


Innate Abilities, Weirdness & Mutations

You are a hulking beast.
Your limbs bulge with bestial killing power. (Slay +4)
You are too large for most types of armour.
You have claws for hands.
Your natural rate of healing is unusually fast.
You are covered in fur. (AC +1)
You have tough skin. (AC +1)
You have large cloven feet.
You are agile. (Dex +4, Str/Int -1)
Your spells are a little easier to cast, but a little less powerful.


Message History

The wyvern closely misses you.
You claw the wyvern!
You kill the wyvern!
Qazlal accepts your kill.
Your Shapeshifting skill increases to level 12!
y - 5 poisoned darts (gained 1)
A wyvern comes into view.
The wyvern hisses angrily.
The wyvern closely misses you.
You claw the wyvern! You kick the wyvern, but do no damage.
The wyvern is heavily wounded.
The wyvern bites you. x2
You scratch the wyvern but do no damage.
Your kick misses the wyvern.
The wyvern is heavily wounded.
You block the wyvern's attack.
You claw the wyvern!
The wyvern is severely wounded.
The wyvern closely misses you.
The wyvern bites you but does no damage.
You closely miss the wyvern.
The wyvern is severely wounded.
The wyvern bites you!
You closely miss the wyvern.
The wyvern is severely wounded.
The wyvern bites you!
You closely miss the wyvern. Your kick misses the wyvern.
The wyvern is severely wounded.
The wyvern bites you!
* * * LOW HITPOINT WARNING * * *
The wyvern completely misses you.
You scratch the wyvern but do no damage.
Your kick misses the wyvern.
The wyvern is severely wounded.
The wyvern bites you!
* * * LOW HITPOINT WARNING * * *
You barely miss the wyvern.
The wyvern is severely wounded.
The wyvern bites you!
You die...

### #..# ..#....#
##..#....#
##########..##....#
......kh....##...#
......°....#.#...#
#########........#
##..##...#
##......##
#.......######
#........)....
#...####..)....
#....... #...)####


You could see a wyvern.

Vanquished Creatures
  Prince Ribbit (D:6)
  Sigmund (D:3)
  2 wyverns (D:7)
  A water moccasin (D:7)
  A black bear (D:6)
  Pargi (D:3)
  2 sky beasts
  4 ice beasts
  2 phantoms
  A bullfrog (D:6)
  A scorpion (D:4)
  2 hounds
  A gnoll bouda (D:7)
  6 jellies
  2 orc priests (D:4)
  Ijyb (D:3)
  Natasha (thrice) (D:3)
  3 orc wizards
  Terence (D:2)
  15 adders
  11 gnolls
  2 ribbon worms
  17 orcs
  9 ball pythons
  5 endoplasms
  3 giant cockroaches (D:3)
  6 goblins
  4 hobgoblins
  5 jackals
  3 kobolds
  7 quokkas
  3 bats
  6 frilled lizards
  3 rats
135 creatures vanquished.

Vanquished Creatures (others)
  An ogre (D:6)
  An orc (D:6)
2 creatures vanquished.

Grand Total: 137 creatures vanquished

Notes
Turn   | Place    | Note
-------+----------+-------------------------------------------
     0 | D:1      | anacleto the Troll Shapeshifter began the quest for the
                  | Orb.
     0 | D:1      | Reached XP level 1. HP: 18/18 MP: 0/0
   189 | D:1      | Reached XP level 2. HP: 26/26 MP: 1/1
   688 | D:2      | Reached skill level 4 in Shapeshifting
   912 | D:2      | Reached XP level 3. HP: 28/32 MP: 2/2
   930 | D:2      | Noticed Terence
   939 | D:2      | Killed Terence
  1014 | D:2      | Reached XP level 4. HP: 40/40 MP: 3/3
  1240 | D:3      | Noticed Natasha
  1247 | D:3      | Killed Natasha
  1248 | D:3      | Reached skill level 5 in Shapeshifting
  1279 | D:3      | Noticed Natasha
  1286 | D:3      | Killed Natasha
  1291 | D:3      | Found a transporter.
  1410 | D:3      | Found a transporter.
  1529 | D:3      | Noticed Pargi
  1536 | D:3      | Killed Pargi
  1537 | D:3      | Reached skill level 6 in Shapeshifting
  1537 | D:3      | Reached XP level 5. HP: 36/46 MP: 4/4
  1636 | D:3      | Noticed Natasha
  1650 | D:3      | Killed Natasha
  1721 | D:3      | Reached XP level 6. HP: 42/54 MP: 5/5
  1724 | D:3      | Noticed Sigmund
  1731 | D:3      | Gained mutation: You have large cloven feet. [potion of
                  | mutation]
  1731 | D:3      | Gained mutation: Your spells are a little easier to cast,
                  | but a little less powerful. [potion of mutation]
  1731 | D:3      | Gained mutation: You are agile. (Dex +4, Str/Int -1)
                  | [potion of mutation]
  1754 | D:3      | Killed Sigmund
  1755 | D:3      | Reached skill level 7 in Shapeshifting
  1785 | D:3      | Noticed Ijyb
  1797 | D:3      | Killed Ijyb
  2028 | D:3      | Reached XP level 7. HP: 61/61 MP: 6/6
  2620 | D:4      | Found a radiant altar of Vehumet.
  2825 | D:4      | Found a staircase to the Ecumenical Temple.
  2844 | Temple   | Entered the Ecumenical Temple
  2862 | Temple   | Became a worshipper of Qazlal Stormbringer
  3124 | D:4      | Reached skill level 8 in Shapeshifting
  3255 | D:4      | You fall into a shaft and drop 1 floor!
  3255 | D:5      | Entered Level 5 of the Dungeon
  3255 | D:5      | Found Luivvy's Distillery.
  3270 | D:5      | Bought 2 potions of curing for 66 gold pieces
  3270 | D:5      | Bought a potion of heal wounds for 55 gold pieces
  3270 | D:5      | Bought a potion of heal wounds for 55 gold pieces
  3270 | D:5      | Bought a potion of lignification for 33 gold pieces
  3415 | D:5      | Reached * piety under Qazlal
  3612 | D:5      | Reached skill level 9 in Shapeshifting
  3612 | D:5      | Reached XP level 8. HP: 54/68 MP: 7/7
  3701 | D:5      | Found Fitix's Antique Armour Boutique.
  4058 | D:6      | Found a shimmering altar of Xom.
  4071 | D:6      | Reached skill level 10 in Shapeshifting
  4363 | D:6      | Noticed Prince Ribbit
  4401 | D:6      | Killed Prince Ribbit
  4402 | D:6      | Reached skill level 11 in Shapeshifting
  4571 | D:7      | Reached XP level 9. HP: 37/75 MP: 8/8
  4648 | D:7      | Found a white marble altar of Elyvilon.
  4793 | D:7      | Found Buqiucre's Jewellery Shoppe.
  4850 | D:7      | Found an opulent altar of Gozag.
  5104 | D:7      | Reached skill level 12 in Shapeshifting
  5126 | D:7      | Slain by a wyvern

Illustrated notes

Levels and vault maps discovered:
D:1:      minmay_arrival_open_corners, layout_rooms
D:2:      layout_basic, uniq_terence
D:3:      gammafunk_wand_slinger, layout_loops_corners, serial_bayou,
          serial_bayou_shore_a, serial_bayou_shore_b, serial_bayou_pond_a,
          serial_bayou_shore_b, serial_bayou_pond_e, minmay_snake_closets,
          uniq_ijyb, uniq_natasha, uniq_pargi, uniq_sigmund
D:4:      layout_loops_corners, fiery_altar_vehumet, minmay_temple_entry_glass,
          kennysheep_nondescript, grunt_ministairs_2
D:5:      layout_basic, serial_shops, shop, nicolae_shop_waterfront
D:6:      layout_rooms, xom_confusion_cloud, uniq_prince_ribbit1
D:7:      layout_cave_pods, elyvilon_altar_5, nicolae_overflow_hidden_temple,
          minmay_shop_enchanted_jewellery
Temple:   sentei_temple_godly_chess

Skill      XL: |  1  2  3  4  5  6  7  8  9 |
---------------+----------------------------+-----
Shapeshifting  | 4 6 7 9 11 12 | 12.0
Fighting       | |  0.7
Dodging        | |  1.5
Unarmed Combat | |  3.0

Action                     |  1- 3 |  4- 6 |  7- 9 || total
---------------------------+-------+-------+-------++-------
  Melee: Unarmed           |    62 |    77 |   192 ||   331
         Punch             |     1 |       |     2 ||     3
         Kick              |       |     5 |    43 ||    48
  Throw: Dart              |       |       |    10 ||    10
    Use: Potion            |       |     2 |       ||     2
   Stab: Sleeping          |       |     1 |       ||     1
 Armour: Animal skin       |    33 |    37 |   124 ||   194
  Dodge: Dodged            |    27 |    31 |    78 ||   136
  Block: Other             |       |     6 |    46 ||    52
         Reflection        |       |       |     1 ||     1

Table legend: (Time is in decaauts)
 A = Elapsed time spent in this place.
 B = Non-inter-level travel time spent in this place.
 C = Inter-level travel time spent in this place.
 D = Time resting spent in this place.
 E = Time spent auto-exploring this place.
 F = Levels seen in this place.
 G = Mean time per level.
                   A        B        C        D        E       F      G
               +--------+--------+--------+--------+--------+-----+--------+
         Total |   5097 |   4991 |    106 |     77 |   3669 |   8 |  637.1 |
       Dungeon |   5072 |   4973 |     99 |     77 |   3669 |   7 |  724.6 |
        Temple |     25 |     18 |      7 |      0 |      0 |   1 |   25.0 |
               +--------+--------+--------+--------+--------+-----+--------+

Top non-repeatable levels by time:
     D:3: 1097 daAuts
     D:4: 901 daAuts
     D:2: 760 daAuts
     D:5: 713 daAuts
     D:7: 579 daAuts
     D:6: 570 daAuts
     D:1: 447 daAuts
  Temple: 25 daAuts
